 Dungeon Crawl Stone Soup version 0.30-a0-782-ge64f9170bb (webtiles) character file.

Game seed: 3006555394585642679

3231 HoaS the Skirmisher (level 9, -9/48 HPs)
             Began as a Gargoyle Hunter on Feb 26, 2023.
             Was an Initiate of Gozag.
             Mangled by a tentacled starspawn (14 damage)
             ... on level 2 of the Abyss.
             The game lasted 00:13:29 (6051 turns).

HoaS the Skirmisher (Gargoyle Hunter)               Turns: 6051, Time: 00:13:30

Health: -9/48      AC: 13    Str: 14    XL:     9   Next: 98%
Magic:  8/8        EV: 16    Int: 14    God:    Gozag
Gold:   978        SH:  0    Dex: 16    Spells: 8/8 levels left

rFire   . . .      SeeInvis .    a - +1 shortbow
rCold   . . .      Faith    .    (shield currently unavailable)
rNeg    + . .      Spirit   .    c - +0 leather armour
rPois   ∞          Reflect  .    n - +2 helmet
rElec   +          Harm     .    (no cloak)
rCorr   +          Rampage  .    r - +0 pair of gloves
Will    .....                    (no boots)
Stlth   ++                       (no amulet)
HPRegen 0.28/turn                k - ring of resist corrosion
MPRegen 0.11/turn                i - +5 ring of evasion

@: gold aura
A: sickness immunity, AC +6, negative energy resistance 1, electricity
resistance, torment resistance 1, petrification resistance, clever 1, low MP 1
a: Renounce Religion, Potion Petition, Call Merchant, Bribe Branch


You were on level 2 of the Abyss.
You worshipped Gozag.
Gozag was pleased with you.
You visited 2 branches of the dungeon, and saw 9 of its levels.
You visited the Abyss 1 time.

You collected 1037 gold pieces.
You paid 59 gold pieces to Gozag.

Inventory:

Hand Weapons
 a - a +1 shortbow (weapon)
Missiles
 j - 3 throwing nets
Armour
 c - a +0 leather armour (worn)
 n - a +2 helmet (worn)
 r - a +0 pair of gloves (worn)
Jewellery
 i - a +5 ring of evasion (right hand)
 k - a ring of resist corrosion (left hand)
Wands
 d - a wand of digging (2)
 q - a wand of charming (3)
Scrolls
 b - 2 scrolls of immolation
 l - 3 scrolls of teleportation
 t - a scroll of fog
Potions
 e - 2 potions of invisibility
 f - 2 potions of flight
 g - 2 potions of mutation
 h - a potion of resistance
 o - a potion of cancellation
 p - a potion of brilliance {unknown}
 s - 2 potions of ambrosia {unknown}
 u - a potion of curing


   Skills:
 - Level 2.1 Fighting
 + Level 14.1 Ranged Weapons
 - Level 1.5 Dodging
 - Level 1.1 Stealth


You had 8 spell levels left.
You didn't know any spells.
Your spell library contained the following spells:

 Spells                   Type           Power      Damage    Failure   Level
 Freeze                   Ice            0%         1d3       36%         1
 Shock                    Conj/Air       0%         1d3       36%         1
 Ensorcelled Hibernation  Hex/Ice        0%         N/A       50%         2
 Passwall                 Tmut/Erth      0%         N/A       50%         2
 Frozen Ramparts          Ice            0%         1d1       73%         3
 Hailstorm                Conj/Ice       0%         3d3       73%         3
 Swiftness                Air            0%         N/A       73%         3
 Airstrike                Air            0%         2d(0-16)  98%         4


Dungeon Overview and Level Annotations

Branches:
Dungeon (8/15)             Temple (1/1) D:4
   Lair: D:8-11

Altars:
Ashenzari
Cheibriados
Dithmenos
Fedhas
Gozag
Hepliaklqana
Kikubaaqudgha
Makhleb
Nemelex Xobeh
Okawaru
Qazlal
Ru
Sif Muna
Uskayaw
Vehumet
Xom
Zin

Annotations:
D:6 Maggie


Innate Abilities, Weirdness & Mutations

You are immune to sickness and miasma.
Your stone body is resilient. (AC +6)
You are immune to poison.
You resist negative energy. (rN+)
You are resistant to electric shocks. (rElec)
You are resistant to unholy torment.
You are immune to petrification.
Your mind is acute. (Int +4, Str/Dex -1)
Your magical capacity is low. (-10% MP)


Message History

The small abomination is moderately damaged.
The small abomination barely misses you.
You shoot an arrow. The arrow hits the small abomination.
The small abomination is heavily damaged.
The starspawn tentacle grabs you. The starspawn tentacle constricts you.
The iron imp is distracted by your dazzling golden aura.
You shoot an arrow. The arrow hits the starspawn tentacle!
The starspawn tentacle is moderately damaged.
The starspawn tentacle constricts you.
You shoot an arrow. The arrow hits the starspawn tentacle.
The starspawn tentacle is moderately damaged.
The tentacled starspawn bites you!!
Ouch! That really hurt!
* * * LOW HITPOINT WARNING * * *
The tentacled starspawn tentacle-slaps you but does no damage.
The starspawn tentacle constricts you.
You are too injured to fight recklessly!
You are too injured to fight recklessly!
You are too injured to fight recklessly!
You shoot an arrow.
The arrow barely misses the tentacled starspawn.
The arrow closely misses the small abomination.
A tentacle flies out from the starspawn's body!
The starspawn tentacle constricts you.
* * * LOW HITPOINT WARNING * * *
A starspawn tentacle comes into view.
You shoot an arrow. The arrow hits the tentacled starspawn.
The starspawn tentacle loses its grip on you.
The tentacled starspawn is lightly damaged.
The iron imp is no longer distracted by gold.
The small abomination completely misses you.
The iron imp barely misses you.
You shoot an arrow.
The arrow barely misses the tentacled starspawn.
The arrow hits the starspawn tentacle!
The starspawn tentacle is heavily damaged.
The tentacled starspawn closely misses you.
The tentacled starspawn tentacle-slaps you!
You die...
Your body crumbles into a pile of gold.

.. ..... ....
#.## # .. #.....
....# #.. .#
..##....###...#
.#. #
.........#.....#.
# #
..............
... ##.........
...# #
..##............#
.. .....wx..# ..
.# ### ......X@##
. # ..##..w.5#
... # .
#............
............. .
................
..##.....#.....
.. #....###...#
...... ....


You could see a tentacled starspawn, a small abomination, 2 starspawn tentacles
and an iron imp.

Vanquished Creatures
  Grinder (D:6)
  Eustachio (D:5)
  Edmund (D:5)
  A neqoxec (Abyss:2)
  A water moccasin (D:6)
  An ice beast (D:7)
  2 orc warriors
  A sky beast (D:7)
  A black bear (D:4)
  4 ogres
  2 centaurs
  3 phantoms
  2 bullfrogs
  2 scorpions
  4 wights
  4 killer bees (D:7)
  2 howler monkeys (D:6)
  7 hounds
  A gnoll bouda (D:6)
  2 iguanas
  5 orc wizards
  8 adders
  11 gnolls
  A shadow imp (D:5)
  2 worms
  A dart slug (D:3)
  16 orcs
  6 bats
  4 bat zombies (D:5)
  7 endoplasms
  2 giant cockroaches
  10 goblins
  3 hobgoblins (D:1)
  4 quokkas
  5 ball pythons
  3 frilled lizards
  A kobold (D:4)
  2 rats (D:1)
  A rat zombie (D:5)
135 creatures vanquished.

Vanquished Creatures (others)
  A starspawn tentacle (Abyss:2)
1 creature vanquished.

Grand Total: 136 creatures vanquished

Notes
Turn   | Place    | Note
-------+----------+-------------------------------------------
     0 | D:1      | HoaS the Gargoyle Hunter began the quest for the Orb.
     0 | D:1      | Reached XP level 1. HP: 12/12 MP: 1/1
   169 | D:1      | Reached XP level 2. HP: 17/17 MP: 2/2
   586 | D:1      | Found a faded altar of an unknown god.
   686 | D:2      | Reached XP level 3. HP: 21/21 MP: 3/3
   697 | D:2      | Reached skill level 5 in Ranged Weapons
  1072 | D:3      | Found a faded altar of an unknown god.
  1076 | D:3      | Found a blossoming altar of Fedhas.
  1303 | D:3      | Found a shadowy altar of Dithmenos.
  1313 | D:3      | Reached XP level 4. HP: 24/26 MP: 4/4
  1700 | D:3      | Reached skill level 6 in Ranged Weapons
  1804 | D:4      | Noticed a scorpion
  1818 | D:4      | Killed a scorpion
  1819 | D:4      | Reached XP level 5. HP: 24/30 MP: 5/5
  1878 | D:4      | Noticed a phantom
  1883 | D:4      | Killed a phantom
  1884 | D:4      | Reached skill level 7 in Ranged Weapons
  1884 | D:4      | Reached XP level 6. HP: 35/35 MP: 6/6
  1954 | D:4      | Reached skill level 8 in Ranged Weapons
  1954 | D:4      | Reached XP level 7. HP: 40/40 MP: 7/7
  2043 | D:4      | Found a staircase to the Ecumenical Temple.
  2044 | D:4      | Identified the +0 ring mail "Dulafuypt" {*Corrode rF+
                  | Int+4}
  2052 | Temple   | Entered the Ecumenical Temple
  2102 | Temple   | Became a worshipper of Gozag Ym Sagoz the Greedy
  2584 | D:5      | Entered Level 5 of the Dungeon
  2624 | D:5      | Reached skill level 9 in Ranged Weapons
  2752 | D:5      | Found an ancient bone altar of Kikubaaqudgha.
  2812 | D:5      | Noticed Eustachio
  2830 | D:5      | Noticed Edmund
  2837 | D:5      | Killed Eustachio
  2838 | D:5      | Reached XP level 8. HP: 31/44 MP: 8/8
  2842 | D:5      | Killed Edmund
  2843 | D:5      | Reached skill level 10 in Ranged Weapons
  3145 | D:5      | Found a glowing silver altar of Zin.
  3321 | D:5      | Found a sacrificial altar of Ru.
  3586 | D:6      | Noticed Grinder
  3589 | D:6      | Paralysed by Grinder for 2 turns
  3620 | D:6      | Killed Grinder
  3621 | D:6      | Reached skill level 11 in Ranged Weapons
  3803 | D:6      | Reached XP level 9. HP: 44/48 MP: 9/9
  3848 | D:6      | Reached skill level 12 in Ranged Weapons
  4293 | D:6      | Noticed Maggie
  4774 | D:7      | You fall into a shaft and drop 1 floor!
  4847 | D:8      | Found a radiant altar of Vehumet.
  4936 | D:8      | Reached skill level 13 in Ranged Weapons
  5863 | D:8      | Identified the +0 leather armour of the Cricket {Str+3}
  5992 | Abyss:2  | Cast into level 2 of the Abyss (Maggie)
  6025 | Abyss:2  | Gained mutation: Your magical capacity is low. (-10% MP) [a
                  | neqoxec]
  6032 | Abyss:2  | Gained mutation: Your mind is acute. (Int +4, Str/Dex -1)
                  | [a neqoxec]
  6037 | Abyss:2  | Noticed a tentacled starspawn
  6040 | Abyss:2  | Reached skill level 14 in Ranged Weapons
  6051 | Abyss:2  | Mangled by a tentacled starspawn

Illustrated notes

Levels and vault maps discovered:
D:1:      eino_arrival_water_star, layout_loops_ring,
          hellmonk_ecumenical_altar_lost_god
D:2:      layout_basic, hangedman_decor_peaks_small, minmay_misc_feat_roman
D:3:      layout_basic, grunt_dithmenos_smoke,
          nicolae_overflow_ecumenical_swirl, hangedman_decor_lopped
D:4:      layout_basic, minmay_temple_entry_antechambers, minivault_1,
          minmay_liquid_box
D:5:      layout_rooms, lemuel_zombie_altar_kikubaaqudgha, zin_statuary,
          old_standard_altar, nicolae_figureground_sparkle, uniq_eustachio,
          uniq_edmund
D:6:      layout_loops_ring, dreamdust_wishing_well, uniq_maggie, uniq_grinder
D:7:      layout_basic, serial_aquarium, aquarium_bridge_square
          [aquarium_subvault_bridge, aquarium_subvault_wall,
          aquarium_subvault_bridge, aquarium_subvault_bridge],
          aquarium_bridge_straight [aquarium_subvault_bridge,
          aquarium_subvault_wall, aquarium_subvault_bridge,
          aquarium_subvault_wall], aquarium_window_2, aquarium_window_1,
          aquarium_window_2, aquarium_window_fake, aquarium_view_4,
          aquarium_balcony_3b
D:8:      layout_loops_corners, nzn_wu_jian_council_hall,
          nicolae_vehumet_radiance, kennysheep_generic_room_8
Temple:   nicolae_temple_ecumenical_triangle
Abyss:2:  base:
D:5

Skill      XL: |  1  2  3  4  5  6  7  8  9 |
---------------+----------------------------+-----
Ranged Weapons | 5 6 7 8 9 11 14 | 14.1
Fighting       | |  2.1
Dodging        | |  1.5
Stealth        | |  1.1

Action                     |  1- 3 |  4- 6 |  7- 9 || total
---------------------------+-------+-------+-------++-------
  Melee: Shortbow          |       |       |     1 ||     1
   Fire: Shortbow          |    89 |    79 |   514 ||   682
    Use: Scroll            |     7 |     2 |    11 ||    20
         Potion            |       |       |     1 ||     1
 Armour: Leather armour    |     7 |    13 |    77 ||    97
  Dodge: Dodged            |    15 |    36 |   228 ||   279

Table legend: (Time is in decaauts)
 A = Elapsed time spent in this place.
 B = Non-inter-level travel time spent in this place.
 C = Inter-level travel time spent in this place.
 D = Time resting spent in this place.
 E = Time spent auto-exploring this place.
 F = Levels seen in this place.
 G = Mean time per level.
                   A        B        C        D        E       F      G
               +--------+--------+--------+--------+--------+-----+--------+
         Total |   6076 |   5677 |    399 |    976 |   3613 |  10 |  607.6 |
       Dungeon |   5955 |   5573 |    382 |    976 |   3557 |   8 |  744.4 |
        Temple |     67 |     50 |     17 |      0 |     30 |   1 |   67.0 |
         Abyss |     53 |     53 |      0 |      0 |     26 |   1 |   53.0 |
               +--------+--------+--------+--------+--------+-----+--------+

Top non-repeatable levels by time:
     D:6: 1276 daAuts
     D:5: 972 daAuts
     D:7: 872 daAuts
     D:4: 798 daAuts
     D:3: 699 daAuts
     D:1: 678 daAuts
     D:2: 388 daAuts
     D:8: 270 daAuts
  Temple: 67 daAuts
 Abyss:2: 53 daAuts
